 Dungeon Crawl Stone Soup version 0.31-a0-150-g89dc3ad700 (webtiles) character file.

Game seed: 457302112229284226

70 qw the Shooter (level 4, 0/38 HPs)
             Began as a Minotaur Hunter on June 8, 2023.
             Slain by Sigmund
             ... wielding a +1 vampiric scythe
              (5 damage)
             ... on level 3 of the Dungeon.
             The game lasted 00:00:34 (1854 turns).

qw the Shooter (Minotaur Hunter)                    Turns: 1854, Time: 00:00:35

Health: 0/38       AC:  4    Str: 15    XL:     4   Next: 4%
Magic:  3/3        EV: 12    Int:  6    God:
Gold:   132        SH:  0    Dex: 16    Spells: 3/3 levels left

rFire   . . .        Y - +0 shortbow
rCold   . . .        (shield currently unavailable)
rNeg    . . .        c - +0 leather armour
rPois   .            (helmet restricted)
rElec   .            (no cloak)
rCorr   .            h - +0 pair of gloves
SInv    .            (no boots)
Will    .....        (no amulet)
Stlth   +            (no ring)
HPRegen 0.26/turn    (no ring)
MPRegen 0.08/turn

%: no passive effects
@: confused
A: horns 2, retaliatory headbutt
a: no special abilities


You were on level 3 of the Dungeon.
You visited 1 branch of the dungeon, and saw 3 of its levels.

You collected 132 gold pieces.


Innate Abilities, Weirdness & Mutations

You have a pair of horns on your head.
You reflexively headbutt those who attack you in melee.


   Skills:
 - Level 3.0 Fighting
 - Level 6.0 Ranged Weapons
 + Level 0.0 Armour
 - Level 2.1 Dodging
 - Level 0.7 Stealth


You had 3 spell levels left.
You didn't know any spells.
Your spell library was empty.

Inventory:

Hand Weapons
 Y - a +0 shortbow (weapon)
Armour
 c - a +0 leather armour (worn)
 h - a +0 pair of gloves (worn)
Scrolls
 d - a scroll of identify
Potions
 a - a potion of curing {unknown}
 e - a potion of might
 f - a potion of heal wounds {unknown}

Dungeon Overview and Level Annotations

Branches:
Dungeon (3/15)

Altars:

Annotations:
D:3 Sigmund


Message History

Sigmund is lightly wounded.
Sigmund gestures at you while chanting.
You are confused.
Sigmund casts a spell.
Sigmund flickers and vanishes!
Deactivating autopickup; reactivate with Ctrl-A.
You shoot an arrow. You shoot an arrow. You shoot an arrow.
You hear some strange, mumbled words.
A puff of flame appears from out of thin air!
The puff of flame hits you!
You shoot an arrow. Something hits you!
You shoot an arrow. Something hits you.
You shoot an arrow.
You feel less confused.
You hear some strange, mumbled words.
Something tries to affect you, but you resist.
You shoot an arrow. Something hits you.
You shoot an arrow.
You hear some strange, mumbled words.
Something tries to affect you, but you resist.
You shoot an arrow.
You hear some strange, mumbled words.
You are confused.
You shoot an arrow. Something hits you but does no damage.
You shoot an arrow.
You hear some strange, mumbled words.
A puff of flame appears from out of thin air!
The puff of flame hits you!
You shoot an arrow.
A magic dart appears from out of thin air!
The magic dart hits you.
You shoot an arrow. Something hits you.
You die...

#. .# #.# .#
#.# .# #.# .#
#.# .# #.# {#
#.###.# #...@.#
#..#### #..#
### #..# ##.##
#..# ##.#.##
#..####.###.##
##.#....>..##.#
#.###.##.#.#.##
##.#.####...##


There were no monsters in sight!

Vanquished Creatures
  2 adders
  2 worms (D:2)
  5 ball pythons
  6 bats
  7 endoplasms
  2 giant cockroaches
  3 goblins
  3 hobgoblins
  6 quokkas
  2 frilled lizards
  A kobold (D:2)
  2 rats (D:2)
41 creatures vanquished.

Notes
Turn   | Place    | Note
-------+----------+-------------------------------------------
     0 | D:1      | qw the Minotaur Hunter began the quest for the Orb.
     0 | D:1      | Reached XP level 1. HP: 18/18 MP: 0/0
     0 | D:1      | 0 ||| qw: Version: 0.2-a-120-gdf1a93b
     0 | D:1      | 0 ||| qw: Game counter: 3007
     0 | D:1      | 0 ||| qw: Always use a shield: true
     0 | D:1      | 0 ||| qw: God list: Okawaru
     0 | D:1      | 0 ||| qw: Allow faded altars: false
     0 | D:1      | 0 ||| qw: Do Orc after D:15 true
     0 | D:1      | 0 ||| qw: Do second Lair branch before Depths: true
     0 | D:1      | 0 ||| qw: Lair rune preference: random
     0 | D:1      | 0 ||| qw: Plans: Normal
     0 | D:1      | 0 ||| PLANNING D:1-11
   191 | D:1      | Reached XP level 2. HP: 25/25 MP: 1/1
   243 | D:1      | Reached skill level 5 in Ranged Weapons
   591 | D:1      | 591 ||| UPGRADING to +0 pair of gloves.
   596 | D:1      | 596 ||| READING scroll labelled EFRONN HAC ORO.
   597 | D:1      | 597 ||| READING scroll labelled TIBYSA GERPHI.
   598 | D:1      | 598 ||| DRINKING 2 green potions.
   599 | D:1      | 599 ||| DRINKING 2 glowing blue potions.
   600 | D:1      | 600 ||| DROPPING scroll of butterflies.
   601 | D:1      | 601 ||| DROPPING potion of brilliance.
   639 | D:2      | Reached skill level 3 in Fighting
   809 | D:2      | Reached XP level 3. HP: 31/31 MP: 2/2
  1419 | D:2      | 1419 ||| READING scroll labelled QUPRIKH ASEZ.
  1520 | D:2      | 1520 ||| DRINKING 2 fuming brown potions.
  1521 | D:2      | 1521 ||| DROPPING potion of attraction.
  1657 | D:3      | Reached XP level 4. HP: 38/38 MP: 3/3
  1735 | D:3      | Reached skill level 6 in Ranged Weapons
  1839 | D:3      | Noticed Sigmund
  1852 | D:3      | HP: 8/38 [something/puff of flame (8)]
  1854 | D:3      | Slain by Sigmund

Levels and vault maps discovered:
D:1:      roderic_crossed_star, layout_loops_ring
D:2:      layout_loops_ring, serial_aquarium, aquarium_bridge_island_small
          [aquarium_subvault_small_open, aquarium_subvault_wall,
          aquarium_subvault_wall, aquarium_subvault_balcony,
          aquarium_subvault_bridge], aquarium_window_1, aquarium_window_3,
          aquarium_window_2, aquarium_view_2c
D:3:      layout_loops_ring, minivault_5, uniq_sigmund

Skill      XL: |  1  2  3  4 |
---------------+-------------+-----
Ranged Weapons | 5 6 |  6.0
Fighting       | 3 |  3.0
Dodging        | |  2.1
Stealth        | |  0.7

Action                     |  1- 3 |  4- 6 || total
---------------------------+-------+-------++-------
   Fire: Shortbow          |   103 |    24 ||   127
    Use: Scroll            |     3 |       ||     3
         Potion            |     3 |       ||     3
 Armour: Leather armour    |     8 |     1 ||     9
  Dodge: Dodged            |    27 |     2 ||    29

Table legend:
 A = Non-vault XP
 B = Vault XP
 C = Vault XP percentage of total XP
 D = Non-vault monster count
 E = Vault monster count
 F = Vault count percentage of total count
                 A         B        C        D         E       F
            +---------+---------+-------+---------+---------+-------
      Total |     100 |       1 |   1.0 |      40 |       1 |   2.4
            +---------+---------+-------+---------+---------+-------
        D:1 |      25 |       0 |   0.0 |      13 |       0 |   0.0
        D:2 |      48 |       1 |   2.0 |      18 |       1 |   5.3
        D:3 |      27 |       0 |   0.0 |       9 |       0 |   0.0
            +---------+---------+-------+---------+---------+-------
